 Dungeon Crawl Stone Soup version 0.31.0-11-ge490571c62 (webtiles) character file.

Game seed: 10500033805242435088

4724 Skitler the Blocker (level 10, 0/82 HPs)
             Began as a Gnoll Fighter on Jan 30, 2024.
             Was an Initiate of Gozag.
             Slain by a polar bear (4 damage)
             ... on level 8 of the Dungeon.
             The game lasted 00:17:27 (7463 turns).

Skitler the Blocker (Gnoll Fighter)                 Turns: 7463, Time: 00:17:27

Health: 0/82       AC: 26    Str: 29    XL:     10   Next: 45%
Magic:  0/18       EV:  9    Int: 13    God:    Gozag
Gold:   113        SH:  6    Dex: 11    Spells: 20/20 levels left

rFire   x . .        t - +9 mace of Intimidation {freeze, Str+3}
rCold   . . .        c - +0 buckler
rNeg    . . .        Q - +0 plate armour
rPois   .            d - +2 helmet
rElec   .            N - +0 cloak
rCorr   +            (no gloves)
SInv    .            E - +2 pair of boots
Will    +++..        r - amulet "Waodur" {Spirit Int+5} Stlth
                     A - +4 ring of protection
HPRegen 0.33/turn    B - ring "Oxto" {rF- Will+++ rCorr Str+6}
MPRegen 0.16/turn

%: guardian spirit
@: invisible
A: fangs 1, strong nose, distributed training
a: Renounce Religion, Potion Petition, Call Merchant, Bribe Branch


You were on level 8 of the Dungeon.
You worshipped Gozag.
Gozag was aware of your devotion.
You visited 2 branches of the dungeon, and saw 10 of its levels.

You collected 776 gold pieces.
You spent 608 gold pieces at shops.
You paid 55 gold pieces to Gozag.

Inventory:

Hand Weapons
 a - a +1 war axe
 t - the +9 mace of Intimidation (weapon) {freeze, Str+3}
   (You found it on level 3 of the Dungeon)

   Str+3:     It affects your strength (+3).
Armour
 b - a +0 scale mail
 c - a +0 buckler (worn)
 d - a +2 helmet (worn)
 w - a +0 chain mail
 x - a +0 kite shield
 E - a +2 pair of boots (worn)
 M - the +0 ring mail "Tidira" {Str+3}
   (You bought it in a shop on level 5 of the Dungeon)

   Str+3:     It affects your strength (+3).
 N - a +0 cloak (worn)
 Q - a +0 plate armour (worn)
Jewellery
 f - a ring of fire
 r - the amulet "Waodur" (around neck) {Spirit Int+5}
   (You bought it in a shop on level 1 of the Dungeon)

   [amulet of guardian spirit]

   Spirit:    It causes incoming damage to be divided between your reserves of
   health and magic.
   Int+5:     It affects your intelligence (+5).
 A - a +4 ring of protection (left hand)
 B - the ring "Oxto" (right hand) {rF- Will+++ rCorr Str+6}
   (You found it on level 5 of the Dungeon)

   [ring of strength]

   Str+6:     It affects your strength (+6).
   rF-:       It makes you vulnerable to fire.
   Will+++:   It greatly increases your willpower.
   rCorr:     It protects you from acid and corrosion.
 I - an amulet of regeneration
 J - a +6 ring of dexterity
 K - a ring of willpower
Wands
 s - a wand of flame (19)
 D - a wand of iceblast (5)
 F - a wand of digging (5)
Scrolls
 i - a scroll of torment
 j - 2 scrolls of teleportation
 n - a scroll of amnesia {unknown}
 o - a scroll of silence {unknown}
 q - a scroll of poison
 y - 3 scrolls of identify
 C - a scroll of summoning {unknown}
 G - a scroll of vulnerability {unknown}
 H - a scroll of enchant armour
 L - a scroll of immolation
 P - a scroll of revelation
Potions
 e - 2 potions of lignification
 g - 3 potions of heal wounds {unknown}
 h - 2 potions of attraction
 k - 2 potions of ambrosia
 l - 3 potions of degeneration
 p - a potion of magic
 u - a potion of cancellation
 v - 4 potions of curing
 z - a potion of mutation
 O - a potion of enlightenment


   Skills:
 + Level 8.6 Fighting
 + Level 5.5 Short Blades
 + Level 5.5 Long Blades
 + Level 7.2 Axes
 + Level 5.5 Maces & Flails
 + Level 5.5 Polearms
 + Level 5.5 Staves
 + Level 5.5 Ranged Weapons
 + Level 5.5 Throwing
 + Level 8.6 Armour
 + Level 5.5 Dodging
 + Level 5.5 Stealth
 + Level 8.6 Shields
 + Level 5.5 Unarmed Combat
 + Level 5.5 Spellcasting
 + Level 4.5 Conjurations
 + Level 4.5 Hexes
 + Level 4.5 Summonings
 + Level 4.5 Necromancy
 + Level 4.5 Translocations
 + Level 4.5 Fire Magic
 + Level 4.5 Ice Magic
 + Level 4.5 Air Magic
 + Level 4.5 Earth Magic
 + Level 4.5 Alchemy
 + Level 6.0 Invocations
 + Level 5.5 Evocations
 + Level 5.0 Shapeshifting


You had 20 spell levels left.
You didn't know any spells.
Your spell library contained the following spells:

 Spells                   Type           Power      Damage    Failure   Level
 Magic Dart               Conj           60%        1d6       26%         1
 Mercury Vapours          Alch/Air       30%        N/A       36%         2
 Searing Ray              Conj           30%        2d5       36%         2
 Static Discharge         Conj/Air       30%        3-5/arc   36%         2
 Fulminant Prism          Conj/Alch      7%         3d7       94%         4
 Alistair's Intoxication  Alch           10%        N/A       100%        5
 Borgnjor's Vile Clutch   Necr/Erth      7%         N/A       100%        5
 Lee's Rapid Deconstruct  Erth           7%         3d7*      100%        5
 Silence                  Hex/Air        7%         N/A       100%        5
 Eringya's Noxious Bog    Alch           7%         4d6       100%        6


Dungeon Overview and Level Annotations

Branches:
Dungeon (9/15)             Temple (1/1) D:5
   Lair: D:8-11         Orc: D:9-12

Altars:
Ashenzari
Cheibriados
Dithmenos
Elyvilon
Fedhas
Gozag
Hepliaklqana
Kikubaaqudgha
Makhleb
Nemelex Xobeh
Okawaru
Qazlal
Ru
Sif Muna
Trog
Uskayaw
Vehumet
Wu Jian
Xom
Yredelemnul
Zin

Shops:
D:1 *!*[:   D:5 [

Annotations:
D:4 exclusion: downstairs


Innate Abilities, Weirdness & Mutations

You have very sharp teeth.
Your uncanny sense of smell can sniff out nearby items.
Your experience applies equally to all skills.


Message History

The polar bear claws you but does no damage. x2
The orc priest shouts!
You barely miss the polar bear. Your bite misses the polar bear.
The polar bear is moderately wounded.
You hear some strange, mumbled words.
Something tries to affect you, but you resist.
The polar bear barely misses you. x2; The polar bear completely misses you.
Unknown command.
You sock the polar bear! You freeze the polar bear.
The polar bear is severely wounded.
Something hits you but does no damage.
The polar bear goes berserk!
Something hits you but does no damage.
You barely miss the polar bear. Your bite misses the polar bear.
The polar bear is severely wounded.
The orc priest is no longer distracted by gold.
The polar bear closely misses you.
The polar bear claws you but does no damage. x2
The orc priest hits you but does no damage.
The polar bear bites you!
* * * LOW HITPOINT WARNING * * *
The polar bear closely misses you. The polar bear barely misses you.
Something hits you but does no damage. You block the orc priest's attack.
You barely miss the polar bear.
The polar bear is severely wounded.
The polar bear bites you!
* * * LOW HITPOINT WARNING * * *
The polar bear claws you but does no damage.
The polar bear claws you.
* * * LOW HITPOINT WARNING * * *
Something hits you but does no damage.
The orc priest hits you but does no damage.
The polar bear bites you but does no damage.
The polar bear barely misses you.
The polar bear claws you but does no damage.
You sock the polar bear! You freeze the polar bear.
Your bite misses the polar bear.
The polar bear is almost dead.
The polar bear barely misses you. The polar bear claws you.
You die...
Your body crumbles into a pile of gold.

## ######## #.
#.{)...# ##.
#o@$...# #### ##..
#).h...# #..###..#
#......# #...#..##
#......## #........
#.......# #.#.#..##
#......[###[#.#..##
#........##[#.#...#
#......#.[..#.#.#.#
#......#...........


You could see a polar bear (berserk, unable to see you) and an orc priest
(unable to see you).

Vanquished Creatures
  A two-headed ogre (D:6)
  Maggie (D:7)
  The ghost of angrytalen3 the Cleaver, an amateur MiGl (D:4)
  Prince Ribbit (D:7)
  A steam dragon (D:9)
  Eustachio (D:5)
  3 water moccasins (D:7)
  Duvessa (D:7)
  A sky beast (D:6)
  2 ice beasts
  2 orc warriors
  An ogre (D:5)
  A wolf (D:8)
  A centaur (D:5)
  A phantom (D:6)
  A kobold brigand (D:7)
  6 bullfrogs
  3 scorpions
  5 wights (D:8)
  Dowan (D:7)
  5 killer bees (D:7)
  A jelly (D:5)
  3 bombardier beetles (D:6)
  2 hounds (D:6)
  A gnoll bouda (D:4)
  5 orc priests
  6 iguanas
  5 orc wizards
  Robin (D:2)
  4 gnolls
  5 adders
  2 shadow imps (D:6)
  2 dart slugs
  2 ribbon worms
  29 orcs
  2 bats
  7 endoplasms
  3 giant cockroaches
  11 goblins (D:2)
  8 hobgoblins
  6 jackals
  6 kobolds
  A quokka (D:4)
  10 ball pythons
  3 frilled lizards (D:1)
  3 rats
168 creatures vanquished.

Notes
Turn   | Place    | Note
-------+----------+-------------------------------------------
     0 | D:1      | Skitler the Gnoll Fighter began the quest for the Orb.
     0 | D:1      | Reached XP level 1. HP: 23/23 MP: 1/1
    20 | D:1      | Found Jejus's Book Emporium.
    45 | D:1      | Reached XP level 2. HP: 26/29 MP: 2/2
   124 | D:1      | Found Leutuwn's Armour Shop.
   152 | D:1      | Found Idugab's Assorted Antiques.
   415 | D:1      | Found Ziplemp's Assorted Antiques.
   480 | D:1      | Found Assaq's Distillery.
   696 | D:2      | Reached XP level 3. HP: 30/35 MP: 2/4
   805 | D:2      | Reached skill level 1 in Invocations
   812 | D:2      | Noticed Robin
   824 | D:2      | Reached skill level 1 in Short Blades
   824 | D:2      | Reached skill level 1 in Long Blades
   824 | D:2      | Reached skill level 1 in Maces & Flails
   824 | D:2      | Reached skill level 1 in Polearms
   824 | D:2      | Reached skill level 1 in Staves
   824 | D:2      | Reached skill level 1 in Ranged Weapons
   824 | D:2      | Reached skill level 1 in Throwing
   824 | D:2      | Reached skill level 1 in Dodging
   824 | D:2      | Reached skill level 1 in Stealth
   824 | D:2      | Reached skill level 1 in Unarmed Combat
   824 | D:2      | Reached skill level 1 in Spellcasting
   824 | D:2      | Reached skill level 1 in Evocations
   827 | D:2      | Killed Robin
   828 | D:2      | Reached skill level 1 in Shapeshifting
   828 | D:2      | Reached XP level 4. HP: 37/41 MP: 5/5
  1018 | D:2      | Reached skill level 1 in Conjurations
  1018 | D:2      | Reached skill level 1 in Hexes
  1018 | D:2      | Reached skill level 1 in Summonings
  1018 | D:2      | Reached skill level 1 in Necromancy
  1018 | D:2      | Reached skill level 1 in Translocations
  1018 | D:2      | Reached skill level 1 in Fire Magic
  1018 | D:2      | Reached skill level 1 in Ice Magic
  1018 | D:2      | Reached skill level 1 in Air Magic
  1018 | D:2      | Reached skill level 1 in Earth Magic
  1018 | D:2      | Reached skill level 1 in Alchemy
  1215 | D:2      | Found a faded altar of an unknown god.
  1568 | D:1      | Bought a crude copper amulet for 115 gold pieces
  1568 | D:1      | Identified the amulet "Waodur" {Spirit Int+5} (You bought
                  | it in a shop on level 1 of the Dungeon)
  1669 | D:3      | Identified the +9 mace of Intimidation {freeze, Str+3}
  1895 | D:3      | Reached XP level 5. HP: 47/47 MP: 5/7
  2100 | D:4      | Noticed angrytalen3's ghost (amateur MiGl)
  2115 | D:4      | Found a runed translucent door.
  2202 | D:4      | Reached XP level 6. HP: 30/53 MP: 5/8
  2205 | D:4      | Reached skill level 5 in Axes
  2718 | D:4      | Killed angrytalen3's ghost
  2719 | D:4      | Reached XP level 7. HP: 17/60 MP: 2/10
  2898 | D:5      | Entered Level 5 of the Dungeon
  3479 | D:5      | Found a staircase to the Ecumenical Temple.
  3496 | D:5      | Noticed Eustachio
  3502 | Temple   | Entered the Ecumenical Temple
  3523 | D:5      | Killed Eustachio
  3524 | D:5      | Reached XP level 8. HP: 61/67 MP: 10/12
  3595 | Temple   | Became a worshipper of Gozag Ym Sagoz the Greedy
  3613 | D:5      | Got the Papyrus of Overcast Erosion
  3755 | D:5      | Found Lulittis's Antique Armour Shoppe.
  3862 | D:5      | Identified the ring "Oxto" {rF- Will+++ rCorr Str+6}
  3915 | D:5      | Found a shimmering blue altar of Sif Muna.
  4561 | D:1      | Bought a +1 pair of boots for 115 gold pieces
  4987 | D:6      | Noticed a two-headed ogre
  5069 | D:6      | Killed a two-headed ogre
  5070 | D:6      | Reached XP level 9. HP: 59/74 MP: 11/15
  5450 | D:7      | Noticed Prince Ribbit
  5461 | D:7      | Killed Prince Ribbit
  5476 | D:7      | Reached skill level 5 in Invocations
  6107 | D:7      | Found a stormy altar of Qazlal.
  6119 | D:7      | Found a snail-covered altar of Cheibriados.
  6178 | D:7      | Noticed Duvessa
  6179 | D:7      | Noticed Dowan
  6180 | D:7      | Noticed Maggie
  6186 | D:7      | Killed Duvessa
  6187 | D:7      | Reached skill level 5 in Short Blades
  6187 | D:7      | Reached skill level 5 in Long Blades
  6187 | D:7      | Reached skill level 5 in Maces & Flails
  6187 | D:7      | Reached skill level 5 in Polearms
  6187 | D:7      | Reached skill level 5 in Staves
  6187 | D:7      | Reached skill level 5 in Ranged Weapons
  6187 | D:7      | Reached skill level 5 in Throwing
  6187 | D:7      | Reached skill level 5 in Dodging
  6187 | D:7      | Reached skill level 5 in Stealth
  6187 | D:7      | Reached skill level 5 in Unarmed Combat
  6187 | D:7      | Reached skill level 5 in Spellcasting
  6187 | D:7      | Reached skill level 5 in Evocations
  6187 | D:7      | Reached XP level 10. HP: 79/81 MP: 17/17
  6188 | D:7      | Killed Dowan
  6202 | D:7      | Killed Maggie
  6836 | D:5      | Bought an ancient ring mail for 252 gold pieces
  6836 | D:5      | Identified the +0 ring mail "Tidira" {Str+3} (You bought it
                  | in a shop on level 5 of the Dungeon)
  6836 | D:5      | Bought a cloak for 126 gold pieces
  7421 | D:8      | Reached skill level 5 in Shapeshifting
  7462 | D:8      | HP: 3/82 [polar bear (2)]
  7463 | D:8      | Slain by a polar bear

Illustrated notes

Levels and vault maps discovered:
D:1:      shiori_shiawase, layout_rooms, serial_shops, shop,
          nicolae_shop_tiny_real_fake_doors, shop, nicolae_shop_hallway_plus,
          shop, minmay_misc_feat_more_columns
D:2:      layout_basic, basic_ecumenical_altar, nrook_mini_backslash,
          minmay_shallow_snake_nest, uniq_robin
D:3:      layout_basic
D:4:      layout_basic, hellmonk_ghost_happy_afterlife
D:5:      layout_cave_pools, kennysheep_little_box,
          minmay_temple_entry_sparse_star, serial_shops,
          nicolae_shop_hallway_plus, kennysheep_generic_room_8, uniq_eustachio
D:6:      minmay_chambers_of_fours, layout_loops_corners
D:7:      layout_cave_pods, jmf_multi_god_temple2,
          minmay_misc_feat_four_crosses, uniq_prince_ribbit1, uniq_duvessa,
          uniq_maggie
D:8:      layout_rooms, minmay_misc_feat_rows
D:9:      layout_rooms, amcnicky_altar_gilded, hellmonk_lair_entry_icy,
          uniq_jeremiah
Temple:   dpeg_three_leaves_temple

Skill      XL: |  1  2  3  4  5  6  7  8  9 10 |
---------------+-------------------------------+-----
Invocations    | 1 2 3 4 5 6 |  6.0
Short Blades   | 1 2 3 4 5 |  5.5
Long Blades    | 1 2 3 4 5 |  5.5
Maces & Flails | 1 2 3 4 5 |  5.5
Polearms       | 1 2 3 4 5 |  5.5
Staves         | 1 2 3 4 5 |  5.5
Ranged Weapons | 1 2 3 4 5 |  5.5
Throwing       | 1 2 3 4 5 |  5.5
Dodging        | 1 2 3 4 5 |  5.5
Stealth        | 1 2 3 4 5 |  5.5
Unarmed Combat | 1 2 3 4 5 |  5.5
Spellcasting   | 1 2 3 4 5 |  5.5
Evocations     | 1 2 3 4 5 |  5.5
Shapeshifting  | 1 2 3 4 5 |  5.0
Conjurations   | 1 2 3 4 |  4.5
Hexes          | 1 2 3 4 |  4.5
Summonings     | 1 2 3 4 |  4.5
Necromancy     | 1 2 3 4 |  4.5
Translocations | 1 2 3 4 |  4.5
Fire Magic     | 1 2 3 4 |  4.5
Ice Magic      | 1 2 3 4 |  4.5
Air Magic      | 1 2 3 4 |  4.5
Earth Magic    | 1 2 3 4 |  4.5
Alchemy        | 1 2 3 4 |  4.5
Axes           | 5 6 7 |  7.2
Fighting       | 7 8 |  8.6
Armour         | 7 8 |  8.6
Shields        | 7 8 |  8.6

Action                     |  1- 3 |  4- 6 |  7- 9 | 10-12 || total
---------------------------+-------+-------+-------+-------++-------
  Melee: War axe           |    53 |    59 |       |       ||   112
         Bite              |     4 |     6 |    13 |    10 ||    33
         Mace              |       |    75 |   155 |   111 ||   341
    Use: Potion            |     1 |     1 |     3 |     2 ||     7
         Scroll            |       |       |    22 |       ||    22
   Stab: Invisible         |       |       |     3 |       ||     3
 Armour: Scale mail        |    37 |    57 |       |       ||    94
         Chain mail        |       |    21 |   131 |    57 ||   209
         Plate armour      |       |       |       |    84 ||    84
  Dodge: Dodged            |    13 |    63 |    86 |    74 ||   236
  Block: Buckler           |    18 |    29 |    55 |    53 ||   155
